 Dungeon Crawl Stone Soup version 0.20.0-15-g7f486f2 (webtiles) character file.

760 Hook the Insei (level 7, 0/54 HPs)
             Began as a Merfolk Transmuter on June 17, 2017.
             Succumbed to Duvessa's poison
             ... on level 5 of the Dungeon.
             The game lasted 00:15:53 (5229 turns).

Hook the Insei (Merfolk Transmuter)                 Turns: 5229, Time: 00:15:54

Health: 0/54       AC:  2    Str: 11    XL:     7   Next: 80%
Magic:  10/13      EV: 21    Int: 14    God:
Gold:   175        SH:  0    Dex: 19    Spells: 8/14 levels left

rFire    . . .     SeeInvis .     - Unarmed
rCold    . . .     Gourm    .   (shield currently unavailable)
rNeg     . . .     Faith    .   (armour currently unavailable)
rPois    x         Spirit   .   (helmet currently unavailable)
rElec    .         Reflect  .   (cloak currently unavailable)
rCorr    .         Harm     .   (gloves currently unavailable)
MR       .....                  (boots currently unavailable)
Stlth    ++........             (no amulet)
Regen    0.2/turn               (no ring)
MPRegen  0.2/turn               (no ring)

@: lethally poisoned (0 -> -50), spider-form
A: (change form in water), (swift swim), (stealthy swim)
a: End Transformation


You were on level 5 of the Dungeon.
You were not hungry.
You were a venomous arachnid creature.
You visited 1 branch of the dungeon, and saw 5 of its levels.

You collected 175 gold pieces.

Inventory:

Hand Weapons
 a - a +0 club
Missiles
 e - 65 stones (quivered)
 h - 10 tomahawks
 k - a throwing net
 s - 7 arrows
Armour
 b - a +0 robe (melded)
 g - a scarf of cloud immunity (melded)
Scrolls
 l - 2 scrolls of remove curse
 m - a scroll of amnesia
 n - 3 scrolls of identify
 p - a scroll of fear
 q - 3 scrolls of teleportation
 r - 2 scrolls of recharging
Potions
 i - 2 potions of brilliance
 j - a potion of agility {unknown}
 o - a potion of heal wounds {unknown}
 u - a potion of curing
Books
 c - a book of Changes

   Spells                             Type                      Level
   a - Beastly Appendage              Transmutation                1
   b - Sticks to Snakes               Transmutation                2
   c - Spider Form                    Transmutation/Poison         3
   d - Ice Form                       Ice/Transmutation            4
   e - Blade Hands                    Transmutation                5
Comestibles
 d - 2 bread rations
 f - 4 fruits
 t - 2 chunks of flesh


   Skills:
 * Level 4.0 Fighting
 + Level 0.2 Throwing
 + Level 3.3 Dodging
 + Level 1.2 Stealth
 + Level 5.4 Unarmed Combat
 * Level 4.4 Spellcasting
 * Level 5.3 Transmutations
 + Level 1.6 Poison Magic


You had 8 spell levels left.
You knew the following spells:

 Your Spells              Type           Power        Failure   Level  Hunger
a - Beastly Appendage     Tmut           ###...       8%          1    None
b - Sticks to Snakes      Tmut           ###.....     11%         2    ##.....
c - Spider Form           Tmut/Pois      ##........   30%         3    ###....


Dungeon Overview and Level Annotations

Branches:
Dungeon (5/15)
 Temple: D:4-7

Altars:
Ashenzari
Kikubaaqudgha
Sif Muna
Trog
Zin

Annotations:
D:5 Dowan, Duvessa, Menkaure


Message History

Dowan casts a spell.
Dowan blinks!
Duvessa hits you with a rapier of venom!
You are more poisoned.
Your unstable footing causes you to fumble your attack.
You feel very sick.
Duvessa splashes around in the water.
The iguana splashes around in the water.
Menkaure, Prince of Dust comes into view.
Menkaure shouts!
You hit Duvessa but do no damage.
* * * LOW HITPOINT WARNING * * *
You feel very sick. Duvessa barely misses you. The iguana closely misses you.
* * * LOW HITPOINT WARNING * * *
You feel extremely sick.
Duvessa splashes around in the water.
* * * LOW HITPOINT WARNING * * *
You feel very sick.
You die...

####### #..... ....
##### ###≈≈≈####$.##
## ###≈≈≈≈≈≈≈≈....#
####.##≈≈≈≈e≈≈≈≈K.....
......###..l≈K.K.M....
#......s.####e......
#.....#### .......
#..##.## #...... .
#..# ...... ##.. ##
##.## ...... ....##..
#..# .......#
##.####..# 8#.....#
##.......# .8.....##
#..#....##


You could see Duvessa, an iguana and 3 kobolds.

Vanquished Creatures
  2 phantoms
  An ogre (D:5)
  A crimson imp (D:4)
  2 orc priests
  2 orc wizards
  2 hounds
  5 worker ants
  A howler monkey skeleton (D:4)
  4 adders
  3 oozes
  3 worms
  5 leopard geckos
  18 orcs
  A giant cockroach (D:3)
  9 goblins
  3 hobgoblins
  4 jackals (D:3)
  5 kobolds
  3 quokkas
  4 bats
  4 frilled lizards
  2 quokka skeletons
  9 rats
93 creatures vanquished.

Vanquished Creatures (collateral kills)
  3 adders (D:3)
  2 orcs
5 creatures vanquished.

Grand Total: 98 creatures vanquished

Notes
Turn   | Place    | Note
-------+----------+-------------------------------------------
     0 | D:1      | Hook the Merfolk Transmuter began the quest for the Orb.
     0 | D:1      | Reached XP level 1. HP: 15/15 MP: 3/3
   198 | D:1      | Reached XP level 2. HP: 21/21 MP: 3/5
   235 | D:1      | Learned a level 2 spell: Sticks to Snakes
   902 | D:2      | Reached XP level 3. HP: 17/26 MP: 3/6
  1091 | D:2      | You fall through a shaft!
  1096 | D:3      | Learned a level 3 spell: Spider Form
  1540 | D:3      | Reached XP level 4. HP: 28/33 MP: 3/7
  2570 | D:4      | Noticed a phantom
  2632 | D:3      | Killed a phantom
  2632 | D:3      | Reached XP level 5. HP: 20/39 MP: 1/10
  3010 | D:4      | Reached XP level 6. HP: 33/46 MP: 6/11
  3107 | D:4      | Reached skill level 1 in Poison Magic
  3496 | D:4      | Noticed a phantom
  3849 | D:4      | Found a bloodstained altar of Trog.
  3849 | D:4      | Found an ancient bone altar of Kikubaaqudgha.
  3851 | D:4      | Found a glowing silver altar of Zin.
  3851 | D:4      | Found a shattered altar of Ashenzari.
  3976 | D:4      | Noticed a phantom
  4016 | D:4      | Killed a phantom
  4016 | D:4      | Reached skill level 1 in Stealth
  4016 | D:4      | Reached XP level 7. HP: 14/52 MP: 12/12
  4108 | D:4      | Reached skill level 5 in Transmutations
  4490 | D:4      | Found a deep blue altar of Sif Muna.
  4628 | D:5      | Entered Level 5 of the Dungeon
  4817 | D:4      | Reached skill level 5 in Unarmed Combat
  5212 | D:5      | Noticed Duvessa
  5213 | D:5      | Noticed Dowan
  5226 | D:5      | Noticed Menkaure
  5229 | D:5      | Succumbed to Duvessa's poison

Skill      XL: |  1  2  3  4  5  6  7 |
---------------+----------------------+-----
Transmutations | 3 4 5 |  5.3
Fighting       | 2 3 4 |  4.0
Unarmed Combat | 4 5 |  5.4
Dodging        | 3 |  3.3
Spellcasting   | 3 4 |  4.4
Poison Magic   | 1 |  1.6
Stealth        | 1 |  1.2
Throwing       | |  0.2

Action                   |  1- 3 |  4- 6 |  7- 9 || total
-------------------------+-------+-------+-------++-------
Melee: Unarmed           |   100 |   176 |    88 ||   364
       Headbutt          |     8 |    10 |     2 ||    20
       Punch             |       |     1 |       ||     1
       Tailslap          |       |       |     1 ||     1
Throw: Stone             |       |    10 |     7 ||    17
 Cast: Beastly Appendage |    20 |    12 |     6 ||    38
       Sticks to Snakes  |     7 |     6 |     5 ||    18
       Spider Form       |     3 |    16 |    10 ||    29
  Use: Scroll            |     9 |     3 |       ||    12
       Potion            |       |     1 |       ||     1
 Stab: Sleeping          |     3 |     1 |     1 ||     5
  Eat: Chunk             |     3 |     2 |     1 ||     6
       Bread ration      |       |     2 |     1 ||     3
Armor: Robe              |    12 |     9 |     4 ||    25
       Skin              |       |     3 |     4 ||     7
Dodge: Dodged            |    59 |   117 |    78 ||   254
